 Dungeon Crawl Stone Soup version 0.25-a0-611-g6918904 (webtiles) character file.

Game seed: 3012427443856893420, levelgen mode: deterministic

923 Faels the Cruncher (level 7, 0/75 HPs)
             Began as a Demonspawn Gladiator on Mar 16, 2020.
             Succumbed to a kobold's poison
             ... on level 5 of the Dungeon.
             The game lasted 00:10:08 (5152 turns).

Faels the Cruncher (Demonspawn Gladiator)           Turns: 5152, Time: 00:10:09

Health: 0/75       AC: 23    Str: 17    XL:     7   Next: 84%
Magic:  7/7        EV:  2    Int:  9    God:
Gold:   230        SH:  0    Dex: 14    Spells: 6/6 levels left

rFire    . . .     SeeInvis .   j - +2 quarterstaff (chaos)
rCold    . . .     Gourm    .   (shield currently unavailable)
rNeg     + + +     Faith    .   (armour currently unavailable)
rPois    +         Spirit   +   (helmet currently unavailable)
rElec    .         Reflect  .   (cloak currently unavailable)
rCorr    .         Harm     .   (gloves currently unavailable)
MR       .....     NoTele   +   (boots currently unavailable)
Stlth    +.........             (no amulet)
HPRegen  0.22/turn              (no ring)
MPRegen  0.10/turn              (no ring)

@: lethally poisoned (0 -> -18), tree-form (expiring)
A: magic shield
a: no special abilities


You were on level 5 of the Dungeon.
You were very hungry.
You were a tree.
You visited 1 branch of the dungeon, and saw 5 of its levels.

You collected 230 gold pieces.

Inventory:

Hand Weapons
 a - a +3 quarterstaff
 j - a +2 quarterstaff of chaos (weapon)
Missiles
 d - 3 throwing nets
 p - 8 javelins (quivered)
Armour
 b - a +0 leather armour
 c - a +0 helmet
 k - a cursed +0 leather armour
 s - a +0 ring mail
 t - a +0 scale mail (melded)
Scrolls
 e - 2 scrolls of enchant armour
 i - a scroll of teleportation
 n - a scroll of identify
 o - 3 scrolls of magic mapping
Potions
 q - a potion of resistance
Comestibles
 f - 13 rations


   Skills:
 - Level 2.0 Fighting
 * Level 8.7 Staves
 - Level 1.7 Throwing
 - Level 2.6 Dodging


You had 6 spell levels left.
You didn't know any spells.
Your spell library contained the following spells:

 Spells                   Type           Power        Failure   Level  Hunger
 Infusion                 Chrm           #...         38%         1    ##.....
 Shroud of Golubria       Chrm/Tloc      #.....       52%         2    ###....
 Song of Slaying          Chrm           #.......     52%         2    ###....
 Ozocubu's Armour         Chrm/Ice       #.......     77%         3    ####...
 Spectral Weapon          Hex/Chrm       #.......     77%         3    ####...


Dungeon Overview and Level Annotations

Branches:
Dungeon (5/15)
 Temple: D:4-7

Altars:


Innate Abilities, Weirdness & Mutations

((You have a pair of small horns on your head.))
((You are mostly covered in large bone plates. (SH +6)))
((Your flesh is cold resistant. (rC+)))
When hurt, damage is shared between your health and your magic reserves.


Message History

There is a lethal amount of poison in your body!
There is a lethal amount of poison in your body!
There is a lethal amount of poison in your body!
There is a lethal amount of poison in your body!
* * * LOW HITPOINT WARNING * * *
You feel very sick.
* * * LOW HITPOINT WARNING * * *
You feel very sick.
* * * LOW HITPOINT WARNING * * *
You feel very sick.
* * * LOW HITPOINT WARNING * * *
You feel sick.
* * * LOW HITPOINT WARNING * * *
You feel sick.
* * * LOW HITPOINT WARNING * * *
You feel very sick.
Your transformation is almost over.
* * * LOW HITPOINT WARNING * * *
You feel sick.
You die...

........#......
.......>.......
........#.(...
......#...# .
##....#.. #
..#......##.##..
.......()....[..
..##....(#####.
)......♣##
.......##
%..#..# ......
...... ..##.# .#
.. ..


There were no monsters in sight!

Vanquished Creatures
  A hippogriff (D:4)
  An ogre (D:4)
  A big kobold (D:5)
  A bullfrog (D:3)
  2 howler monkeys
  6 orc priests
  Crazy Yiuf (D:4)
  Natasha (thrice) (D:4)
  2 worker ants (D:4)
  6 adders
  A leopard gecko (D:4)
  13 orcs
  A ball python (D:4)
  8 bats
  4 giant cockroaches
  9 goblins
  4 hobgoblins
  6 jackals
  10 kobolds
  2 quokkas
  3 frilled lizards
  5 rats
90 creatures vanquished.

Notes
Turn   | Place    | Note
-------+----------+-------------------------------------------
     0 | D:1      | Faels the Demonspawn Gladiator began the quest for the Orb.
     0 | D:1      | Reached XP level 1. HP: 16/16 MP: 1/1
   138 | D:1      | Reached skill level 3 in Staves
   210 | D:1      | Gained mutation: You are partially covered in large bone
                  | plates. (SH +4) [demonic ancestry]
   210 | D:1      | Reached XP level 2. HP: 22/22 MP: 2/2
   678 | D:2      | Gained mutation: Your flesh is cold resistant. (rC+)
                  | [demonic ancestry]
   678 | D:2      | Reached XP level 3. HP: 25/27 MP: 3/3
   872 | D:2      | Reached skill level 4 in Staves
  1597 | D:2      | Gained mutation: You are mostly covered in large bone
                  | plates. (SH +6) [demonic ancestry]
  1597 | D:2      | Reached XP level 4. HP: 33/33 MP: 4/4
  1810 | D:2      | Reached skill level 5 in Staves
  2152 | D:3      | Gained mutation: When hurt, damage is shared between your
                  | health and your magic reserves. [demonic ancestry]
  2152 | D:3      | Reached XP level 5. HP: 38/38 MP: 5/5
  2942 | D:4      | Noticed Natasha
  2947 | D:4      | Killed Natasha
  2947 | D:4      | Reached skill level 6 in Staves
  3124 | D:4      | Gained mutation: You have a pair of small horns on your
                  | head. [demonic ancestry]
  3124 | D:4      | Reached XP level 6. HP: 44/44 MP: 6/6
  3144 | D:4      | Noticed Natasha
  3153 | D:4      | Noticed a hippogriff
  3155 | D:4      | Killed Natasha
  3164 | D:4      | Killed a hippogriff
  3164 | D:4      | Reached skill level 7 in Staves
  3380 | D:4      | Noticed Natasha
  3388 | D:4      | Killed Natasha
  3388 | D:4      | Reached XP level 7. HP: 40/50 MP: 5/7
  3973 | D:4      | Reached skill level 8 in Staves
  4593 | D:4      | Found a runed translucent door.
  4594 | D:4      | Noticed Crazy Yiuf
  4600 | D:4      | Killed Crazy Yiuf
  5122 | D:5      | Entered Level 5 of the Dungeon
  5150 | D:5      | HP: 3/75 [poisoned by a kobold]
  5151 | D:5      | HP: 1/75 [poisoned by a kobold]
  5152 | D:5      | Succumbed to a kobold's poison

Levels and vault maps discovered:
D:1:      tarquinn_simple_flora_water_f, layout_basic
D:2:      layout_basic
D:3:      layout_rooms, first_ration, minmay_splitting_lines
D:4:      layout_layer_cave, kennysheep_boxes, uniq_crazy_yiuf_cottage,
          uniq_natasha
D:5:      layout_cave_pools, minmay_temple_entry_offerings,
          kennysheep_generic_room_15

Skill      XL: |  1  2  3  4  5  6  7 |
---------------+----------------------+-----
Staves         | 3 4 5 6 7 8 |  8.7
Fighting       | |  2.0
Throwing       | |  1.7
Dodging        | |  2.6

Action                   |  1- 3 |  4- 6 |  7- 9 || total
-------------------------+-------+-------+-------++-------
Melee: Quarterstaff      |   119 |   101 |    81 ||   301
       Headbutt          |       |     4 |    11 ||    15
Throw: Javelin           |       |       |     3 ||     3
  Use: Potion            |     1 |       |     5 ||     6
       Scroll            |       |     8 |     6 ||    14
 Stab: Sleeping          |     1 |     1 |       ||     2
  Eat: Chunk             |     2 |     6 |     1 ||     9
       Ration            |       |       |     1 ||     1
Armor: Leather armour    |    44 |    13 |       ||    57
       Skin              |    16 |       |    15 ||    31
       Ring mail         |       |     3 |       ||     3
       Scale mail        |       |    13 |    27 ||    40
Dodge: Dodged            |   101 |    67 |    30 ||   198
Block: Other             |    17 |    25 |    21 ||    63

Table legend:
 A = Non-vault XP
 B = Vault XP
 C = Vault XP percentage of total XP
 D = Non-vault monster count
 E = Vault monster count
 F = Vault count percentage of total count
                 A         B        C        D         E       F
            +---------+---------+-------+---------+---------+-------
      Total |    1243 |      76 |   5.8 |      88 |       2 |   2.2
            +---------+---------+-------+---------+---------+-------
        D:1 |      17 |       0 |   0.0 |      12 |       0 |   0.0
        D:2 |     146 |       0 |   0.0 |      25 |       0 |   0.0
        D:3 |     166 |       0 |   0.0 |      19 |       0 |   0.0
        D:4 |     810 |      76 |   8.6 |      27 |       2 |   6.9
        D:5 |     104 |       0 |   0.0 |       5 |       0 |   0.0
            +---------+---------+-------+---------+---------+-------
